cohdb
Replays
Latest Replays
All Replays
Popular Replays
Top Player Replays
Match Explorer
How It Works
Community
CoH3 Stats
Reddit
Sign in to upload your games and track your stats! →
Sign in with Steam
Match 44489305
Unlisted
Match 44489305
Overview
Messages
Build Orders
End
Construct Infanterie Kompanie
Selects Luftwaffe Battlegroup
Selects Luftwaffe Pioneer Support
Fallschirmpioneer Squad Paradrop
MG 42 Machine Gun Team
Fallschirmpioneer Squad Paradrop
MG 42 Bunker
Construct Luftwaffe Kompanie
Support Elements
Jäger Squad
Selects Stuka Strafing Run
Selects Fallschirmjäger Squad Paradrop
Stuka Strafing Run
MG 42 Machine Gun Team
Wirbelwind Flakpanzer
Luftwaffe Officer Quarters
Joraad
raphiirules
Adapt
Airstrikes are my ASMR
Peaks21
N @ V @ D @
Zish™
moomie
0
0
Comments
sign in to comment!
No comments posted yet!